 Dungeon Crawl Stone Soup version 0.28.0-47-ge53b351184 (webtiles) character file.

Game seed: 7914211095547034465

167 GigaChad the Slasher (level 5, 0/47 HPs)
             Began as a Minotaur Chaos Knight on May 4, 2022.
             Was a Plaything of Xom.
             Slain by an orc priest
             ... wielding a +0 mace
              (5 damage)
             ... on level 3 of the Dungeon.
             The game lasted 00:05:27 (1912 turns).

GigaChad the Slasher (Minotaur Chaos Knight)        Turns: 1912, Time: 00:05:27

Health: 0/47       AC:  9    Str: 17    XL:     5   Next: 23%
Magic:  4/4        EV:  7    Int:  9    God:    Xom [...*..]
Gold:   83         SH:  0    Dex: 11    Spells: 4/4 levels left

rFire   . . .      SeeInvis .   a - +0 falchion (chaos)
rCold   . . .      Faith    .   (no shield)
rNeg    . . .      Spirit   .   h - +0 chain mail
rPois   .          Reflect  .   (helmet restricted)
rElec   .          Harm     .   (no cloak)
rCorr   .          Rampage  .   (no gloves)
Will    .....                   (no boots)
Stlth   ..........              (no amulet)
HPRegen 0.15/turn               (no ring)
MPRegen 0.09/turn               (no ring)

@: no status effects
A: horns 2, retaliatory headbutt
a: Renounce Religion


You were on level 3 of the Dungeon.
You worshipped Xom.
You were a favourite toy of Xom.
You visited 1 branch of the dungeon, and saw 3 of its levels.

You collected 83 gold pieces.

Inventory:

Hand Weapons
 a - a +0 falchion of chaos (weapon)
Armour
 b - a +2 leather armour
 h - a +0 chain mail (worn)
Magical Staves
 f - a staff of earth
Jewellery
 i - a ring of fire
 l - the amulet of Vitality {Regen+ HP+15}
   (You found it on level 2 of the Dungeon)

   [amulet of regeneration]

   HP:        It affects your health (+15).
   Regen:     It increases your rate of health regeneration.
Scrolls
 c - a scroll of fog {unknown}
 d - 2 scrolls of teleportation {unknown}
 e - 2 scrolls of blinking {unknown}
 g - 4 scrolls of identify {unknown}
 j - a scroll of noise {unknown}
Potions
 k - a potion of invisibility {unknown}


   Skills:
 + Level 4.7 Fighting
 + Level 5.4 Long Blades
 + Level 3.5 Armour
 + Level 2.0 Dodging
 + Level 0.8 Stealth


You had 4 spell levels left.
You didn't know any spells.
Your spell library was empty.

Dungeon Overview and Level Annotations

Branches:
Dungeon (3/15)

Altars:


Innate Abilities, Weirdness & Mutations

You have a pair of horns on your head.
You reflexively headbutt those who attack you in melee.


Message History

The orc shouts!
The orc priest shouts!
The kobold hits you but does no damage.
You hit the kobold but do no damage. Your headbutt misses the kobold.
The kobold hits you but does no damage.
You slash the kobold!
You kill the kobold!
Xom decides to rearrange the pieces.
You swap places with the orc priest.
Found a ring of fire, 12 gold pieces and 2 green potions.
Found an escape hatch in the ceiling.
The orc hits you with a +1 whip of venom.
You are poisoned.
Found 13 gold pieces.
You feel very sick.
The orc priest looks satisfied for a moment.
You feel sick.
The orc priest miscasts a cantrip.
You feel sick.
You feel sick.
You feel sick.
You feel sick.
You feel sick.
The orc priest invokes the aid of Beogh against you.
Beogh smites you!
* * * LOW HITPOINT WARNING * * *
You slash the orc!
You kill the orc!
You feel sick. The orc hits you but does no damage.
You feel sick. The orc hits you but does no damage.
Things that are here:
a +1 whip of venom; an orc corpse You feel sick.
You are no longer poisoned.
The orc hits you with a +0 flail.
* * * LOW HITPOINT WARNING * * *
The orc priest hits you but does no damage.
You hit the orc priest. Your headbutt misses the orc priest.
The orc priest is moderately wounded.
The orc priest hits you with a +0 mace.
You die...

#.........$ #..........
#......... #####
#.......#######≈≈≈≈
#......?......#≈##.
#####.............#≈#.#
#..=..<.......)...'..#.
#.)o@o....!.....#≈#.#
#...............#≈##.
#..............##≈≈≈≈
#...$.....###########
#########.# #... !...
....


You could see an orc priest and an orc.

Vanquished Creatures
  2 adders
  A dart slug (D:1)
  An orc (D:3)
  5 endoplasms
  3 giant cockroaches
  6 goblins
  3 hobgoblins
  3 jackals (D:2)
  A quokka (D:2)
  4 ball pythons
  10 bats
  3 frilled lizards
  5 kobolds
  3 rats
50 creatures vanquished.

Vanquished Creatures (collateral kills)
  The ghost of khangoldenlief the Magician, an amateur DjWz (D:3)
  An adder (D:2)
  A ball python (D:2)
  2 endoplasms (D:2)
  A quokka (D:2)
  A frilled lizard (D:2)
7 creatures vanquished.

Vanquished Creatures (others)
  7 plants (D:1)
7 creatures vanquished.

Grand Total: 64 creatures vanquished

Notes
Turn   | Place    | Note
-------+----------+-------------------------------------------
     0 | D:1      | GigaChad the Minotaur Chaos Knight began the quest for the
                  | Orb.
     0 | D:1      | Reached XP level 1. HP: 19/19 MP: 0/0
    30 | D:1      | XOM: divination: detect items
   108 | D:1      | XOM: silly message
   345 | D:1      | XOM: potion effect (invisibility)
   348 | D:1      | Reached skill level 4 in Long Blades
   351 | D:1      | Reached XP level 2. HP: 27/27 MP: 1/1
   925 | D:1      | Reached XP level 3. HP: 33/33 MP: 2/2
  1114 | D:2      | XOM: summons friendly ufetubus
  1309 | D:2      | XOM: cloud trail
  1440 | D:2      | XOM: confusion (+ monsters)
  1614 | D:2      | Found the amulet of Vitality {Regen+ HP+15}
  1634 | D:2      | Reached XP level 4. HP: 41/41 MP: 3/3
  1732 | D:2      | XOM: noise
  1813 | D:3      | Found a large runed translucent door.
  1814 | D:3      | Found a large runed translucent door.
  1820 | D:3      | Noticed khangoldenlief's ghost (amateur DjWz)
  1834 | D:3      | XOM: summons 4 friendly demons
  1838 | D:3      | Killed khangoldenlief's ghost
  1839 | D:3      | Reached skill level 5 in Long Blades
  1839 | D:3      | Reached XP level 5. HP: 42/47 MP: 4/4
  1900 | D:3      | XOM: swap monsters
  1912 | D:3      | Slain by an orc priest

Illustrated notes

Levels and vault maps discovered:
D:1:      minmay_arrival_wavy_path, layout_loops_corners,
          minmay_misc_feat_square, corexii_item_surrounded_by_moat,
          minmay_misc_feat_doors, chequers_serial_rivers_room_a,
          corexii_leaking_fountain, chequers_big_river, minmay_surrounded
D:2:      layout_rooms
D:3:      layout_rooms, nicolae_tso_carved_into_rock,
          ebering_ghost_disaster_area, kennysheep_generic_room_9,
          uniq_crazy_yiuf_cottage

Skill      XL: |  1  2  3  4 |
---------------+-------------+-----
Long Blades    | 4 5 |  5.4
Fighting       | 4 |  4.7
Armour         | 3 |  3.5
Dodging        | 2 |  2.0
Stealth        | |  0.8

Action                   |  1- 3 |  4- 6 || total
-------------------------+-------+-------++-------
Melee: Falchion          |    59 |    35 ||    94
       Headbutt          |    14 |     5 ||    19
       Punch             |     1 |       ||     1
 Stab: Invisible         |     2 |       ||     2
Armor: Leather armour    |    28 |       ||    28
       Chain mail        |     5 |    29 ||    34
Dodge: Dodged            |    50 |    14 ||    64
